 Dungeon Crawl Stone Soup version 0.30-a0-341-g682706514a (webtiles) character file.

Game seed: 4578365617190405244

9304 ytrimaz the Cleaver (level 11, -1/95 HPs)
             Began as a Formicid Fighter on Nov 1, 2022.
             Was an Elder of Okawaru.
             Killed by divine providence
             ... invoked by a balrug
              (13 damage)
             ... on level 1 of the Abyss on Nov 2, 2022.
             The game lasted 00:12:14 (9524 turns).

ytrimaz the Cleaver (Formicid Fighter)              Turns: 9524, Time: 00:12:15

Health: -1/95      AC: 16    Str: 26    XL:     11   Next: 71%
Magic:  16/18      EV: 10    Int:  7    God:    Okawaru [****..]
Gold:   627        SH:  7    Dex: 19    Spells: 10/10 levels left

rFire   + . .      SeeInvis +    a - +0 war axe
rCold   + . .      Faith    .    c - +0 buckler
rNeg    . . .      Spirit   .    I - +0 plate armour
rPois   +          Reflect  .    (helmet unavailable)
rElec   +          Harm     .    (no cloak)
rCorr   +          Rampage  .    (no gloves)
Will    +....                    k - +1 pair of boots
Stlth   ..........               y - amulet of regeneration
HPRegen 1.15/turn                t - ring of poison resistance
MPRegen 0.16/turn                v - +6 ring of dexterity

@: mighty, resistant, heroic, studying Invocations
A: permanent stasis, dig shafts and tunnels, antennae 3, four strong arms
a: Dig, Shaft Self, Renounce Religion, Heroism, Finesse


You were on level 1 of the Abyss.
You worshipped Okawaru.
Okawaru was greatly pleased with you.
You visited 2 branches of the dungeon, and saw 11 of its levels.
You visited the Abyss 1 time.
You also visited: Ossuary.

You collected 647 gold pieces.
You spent 20 gold pieces at shops.


Innate Abilities, Weirdness & Mutations

You cannot be hasted, slowed, berserked, paralysed or teleported.
You can dig through walls and to a lower floor.
You have a pair of large antennae on your head. (SInv)
Your four strong arms can wield two-handed weapons with a shield.


   Skills:
 - Level 12.0(17.0) Fighting
 + Level 12.8(17.8) Axes
 - Level 3.2(8.2) Armour
 - Level 4.0(9.0) Shields
 + Level 10.2 Invocations


You had 10 spell levels left.
You didn't know any spells.
Your spell library contained the following spells:

 Spells                   Type           Power      Damage    Failure   Level
 Slow                     Hex            0%         N/A       99%         1
 Gell's Gravitas          Tloc           0%         N/A       100%        3
 Teleport Other           Tloc           0%         N/A       100%        3
 Manifold Assault         Tloc           0%         N/A       100%        4
 Dispersal                Tloc           0%         N/A       100%        6
 Disjunction              Tloc           0%         N/A       100%        8

Inventory:

Hand Weapons
 a - a +0 war axe (weapon)
 G - a +0 battleaxe
   (You took it off a wight on level 9 of the Dungeon)
Missiles
 m - 14 boomerangs (quivered)
Armour
 b - a +0 scale mail
 c - a +0 buckler (worn)
 k - a +1 pair of boots (worn)
   (You found it on level 2 of the Dungeon)
 I - a +0 plate armour (worn)
   (You took it off an orc warrior on level 9 of the Dungeon)
Jewellery
 t - a ring of poison resistance (left hand)
   (You found it on level 3 of the Dungeon)
 v - a +6 ring of dexterity (right hand)
   (You found it on level 3 of the Dungeon)
 y - an amulet of regeneration (around neck)
   (You found it on level 7 of the Dungeon)
Wands
 h - a wand of flame (13)
   (You found it on level 5 of the Dungeon)
 i - a wand of acid (19)
   (You found it on level 2 of the Dungeon)
 r - a wand of iceblast (7)
   (You took it off Ijyb on level 3 of the Dungeon)
 C - a wand of paralysis (33)
   (You found it on level 7 of the Dungeon)
Scrolls
 g - 2 scrolls of silence
 j - 2 scrolls of fear
 l - 6 scrolls of poison
 n - 2 scrolls of fog
 p - 2 scrolls of magic mapping
 s - a scroll of amnesia
 u - 2 scrolls of enchant armour
 x - a scroll of identify
 E - a scroll of vulnerability
Potions
 d - 4 potions of flight
 e - 2 potions of brilliance
 f - 3 potions of heal wounds
 o - 3 potions of attraction
 q - 8 potions of curing
 w - 2 potions of magic
 B - 2 potions of mutation
 D - 2 potions of lignification
 F - a potion of cancellation
 H - a potion of berserk rage

Dungeon Overview and Level Annotations

Branches:
Dungeon (10/15) Zot: 26968  Temple (1/1) D:4 Zot: 5871    Lair (0/5) D:9
Ossuary (visited)
    Orc: D:9-12

Altars:
Ashenzari
Cheibriados
Dithmenos
Elyvilon
Fedhas
Gozag
Hepliaklqana
Kikubaaqudgha
Makhleb
Nemelex Xobeh
Okawaru
Qazlal
Ru
Sif Muna
Trog
Uskayaw
Vehumet
Wu Jian
Xom
Yredelemnul
Zin
The Shining One

Shops:
D:2 *?   D:4 [

Annotations:
D:6 1 runed translucent door, hikkokomori's ghost, novice DgEE
D:10 2 transporters, Erolcha

... { #.. # '..
.## #.##.. ..
#....
..###+###..#
...........# .
# #......2..#
.##.....@#.##
##.....2##..#
.##..........##
# #...........
# ..
.....####.#.{##
. ... ###{ .#
..... ###.####
.. #. .....# .
. . {.. ...#


You could see a balrug and a blizzard demon.


Message History

😮 HP[-6]
You take 6 damage, and now have 71/95 hp.
You are covered in liquid flames!
You are no longer on fire.
The balrug gestures at you. Something smites you! 😮 HP[-16]
You take 16 damage, and now have 55/95 hp.
The balrug gestures at you. Something smites you!
* * * LOW HITPOINT WARNING * * *
😨 HP[-12]
You take 12 damage, and now have 43/95 hp.
The balrug gestures at you. Something smites you!
* * * LOW HITPOINT WARNING * * *
😨 HP[-12]
You take 12 damage, and now have 31/95 hp. 😨 HP[+1] MP[+1]
Your mp is fully restored (18).
A blizzard demon comes into view.
The blizzard demon shouts! 😨 HP[+1] 😨 HP[+1]
Okay, then.
Okay, then.
Okay, then.
Press: ? - help, v - describe, . - travel
Here: a blizzard demon The floor.
Press: ? - help, . - travel You can't see that place. [the floor.] Unknown command.
Press: ? - help, . - travel You can't see that place.
Unknown command.
You feel much better. 😮 HP[+28]
You regained 28 hp, and now have 62/95 hp.
Unknown command. 😮 HP[+1] 😮 HP[+1]
Press: ? - help, v - describe, . - travel The floor. 😮 HP[+1] 😮 HP[+1]
The balrug gestures at you. Something smites you! 😮 HP[-12]
You take 12 damage, and now have 54/95 hp.
The blizzard demon waves its arms in wide circles.
The air twists around and strikes you!!
* * * LOW HITPOINT WARNING * * *
😨 HP[-18]
You take 18 damage, and now have 36/95 hp.
Unknown command.
You feel very mighty all of a sudden. The blizzard demon hits you.
* * * LOW HITPOINT WARNING * * *
The blizzard demon hits you!
* * * LOW HITPOINT WARNING * * *
😨 HP[-10]
You take 10 damage, and now have 26/95 hp.
Unknown command.
You feel protected.
The blizzard demon hits you but does no damage. x2 😨 HP[+1]
You feel much better.
You block the blizzard demon's attack. x2
The balrug hits you with a +0 demon whip of electrocution!
* * * LOW HITPOINT WARNING * * *
You are engulfed in flames!
You resist.
* * * LOW HITPOINT WARNING * * *
😨 HP[+10]
You regained 10 hp, and now have 37/95 hp.
You feel more confident with your borrowed prowess.
The balrug hits you with a +0 demon whip of electrocution!
* * * LOW HITPOINT WARNING * * *
You are engulfed in flames!
You resist.
* * * LOW HITPOINT WARNING * * *
A sun demon comes into view.
The blizzard demon hits you.
* * * LOW HITPOINT WARNING * * *
The blizzard demon hits you but does no damage. 😱 HP[-22] MP[-2]
You take 22 damage, and now have 15/95 hp.
MASSIVE DAMAGE!! (PAUSE)
You lost 2 mp, and now have 16/18 mp.
You feel much better.
The sun demon shouts!
You hear a shout!
The balrug hits you with a +0 demon whip of electrocution.
* * * LOW HITPOINT WARNING * * *
You are engulfed in flames!
You resist.
* * * LOW HITPOINT WARNING * * *
The blizzard demon hits you!
* * * LOW HITPOINT WARNING * * *
The blizzard demon completely misses you.
The balrug gestures at you. Something smites you!
You die...

Skill      XL: |  1  2  3  4  5  6  7  8  9 10 11 |
---------------+----------------------------------+-----
Fighting       | 4 5 6 7 8 10 12 | 12.0
Axes           | 3 4 5 6 7 9 11 12 | 12.8
Invocations    | 2 10 | 10.2
Armour         | |  3.2
Shields        | |  4.0

Action                   |  1- 3 |  4- 6 |  7- 9 | 10-12 || total
-------------------------+-------+-------+-------+-------++-------
Melee: War axe           |    79 |   125 |   310 |   306 ||   820
Invok: Heroism           |       |       |     3 |    16 ||    19
       Finesse           |       |       |       |     2 ||     2
 Abil: Dig               |       |     1 |       |       ||     1
Evoke: Wand              |       |     2 |       |       ||     2
  Use: Scroll            |    11 |     8 |     4 |     3 ||    26
       Potion            |       |     1 |     1 |     6 ||     8
Armor: Scale mail        |    55 |    56 |   109 |    80 ||   300
       Plate armour      |       |       |       |    27 ||    27
Dodge: Dodged            |    39 |    62 |   130 |   117 ||   348
Block: Buckler           |    25 |    41 |    95 |   102 ||   263

Levels and vault maps discovered:
D:1:      ebering_trefoil_3fold, layout_loops_corners,
          shapermc_ecumenical_altar_rom_forum
D:2:      layout_loops_ring, serial_shops, shop_fountains, shop,
          chequers_avenue, minmay_quantized
D:3:      layout_rooms, grunt_temple_overflow_forces_of_nature,
          nicolae_dithmenos_the_darkroom, minmay_statues_item,
          kennysheep_generic_room_7, uniq_ijyb, uniq_terence
D:4:      layout_cave_pools, minmay_temple_entry_hall, nicolae_take_the_stairs,
          minmay_box_of_dots
D:5:      lemuel_ice_spiral_2, layout_basic, lemuel_round_altar,
          okawaru_ov_weapons_minmay, nicolae_hepliaklqana_hazy_memory,
          gup_ossuary_entry_pyramid
D:6:      layout_basic, grunt_temple_overflow_order_and_chaos_1,
          mainiacjoe_overflow_brackets, mainiacjoe_overflow_alcove_2,
          ebering_ghost_sewer_d, minmay_door_square
D:7:      layout_basic, interstate_on_off, uniq_pikel
D:8:      layout_rooms, chequers_mini_garden, minmay_manual_mess
D:9:      kennysheep_seaside_town, layout_cave_pools, kennysheep_orc_sif_temple,
          trog_butcher_becter, lair_entry_dummy
D:10:     layout_irregular_city, chequers_serial_rivers_micro_d,
          serial_nicolae_subway, nicolae_sub_station_crystal,
          nicolae_sub_station_stone, nicolae_sub_station_metal, uniq_erolcha,
          uniq_amaemon
Temple:   cyrus_temple_forest
Abyss:1:  base:
D:4

Notes
Turn   | Place    | Note
-------+----------+-------------------------------------------
     0 | D:1      | ytrimaz the Formicid Fighter began the quest for the Orb.
     0 | D:1      | Reached XP level 1. HP: 18/18 MP: 1/1
     0 | D:1      | magus.rc [v1.9.6]
   284 | D:1      | Reached XP level 2. HP: 24/24 MP: 2/2
   508 | D:1      | Found a faded altar of an unknown god.
   515 | D:1      | Got Plato's Tome of Jinxing
   561 | D:1      | You fall into a shaft and drop 1 floor!
   610 | D:2      | Found Qommafas's Assorted Antiques.
   615 | D:2      | Bought a scroll labelled EBOOXUL TUSUO for 20 gold pieces
  1067 | D:2      | Reached XP level 3. HP: 30/30 MP: 3/3
  1069 | D:2      | Found Cuyfeidgh's Magic Scroll Boutique.
  1081 | D:2      | Reached skill level 4 in Fighting
  1155 | D:2      | Reached skill level 3 in Axes
  1873 | D:3      | Found a stormy altar of Qazlal.
  1876 | D:3      | Noticed Terence
  1878 | D:3      | Found a blossoming altar of Fedhas.
  1884 | D:3      | Reached XP level 4. HP: 29/37 MP: 4/4
  1897 | D:3      | HP: 8/37 [Terence/+0 hand axe (4)]
  1898 | D:3      | Killed Terence
  2044 | D:3      | Found a shadowy altar of Dithmenos.
  2055 | D:3      | HP: 8/38 [gnoll/+0 flail (6)]
  2057 | D:3      | Reached XP level 5. HP: 9/43 MP: 5/5
  2208 | D:3      | Noticed Ijyb
  2211 | D:3      | Killed Ijyb
  2212 | D:3      | Reached skill level 5 in Fighting
  2212 | D:3      | Reached skill level 4 in Axes
  2678 | D:3      | Reached XP level 6. HP: 14/51 MP: 6/6
  3085 | D:4      | Reached skill level 6 in Fighting
  3182 | D:4      | Found Ufylar's Armour Shop.
  3381 | D:4      | Found a staircase to the Ecumenical Temple.
  3388 | D:4      | Reached skill level 5 in Axes
  3388 | D:4      | Reached XP level 7. HP: 43/58 MP: 7/7
  3393 | Temple   | Entered the Ecumenical Temple
  3586 | D:5      | Entered Level 5 of the Dungeon
  3788 | D:5      | You add the spells Gell's Gravitas, Teleport Other and
                  | Dispersal to your library.
  3796 | D:5      | Found a sand-covered staircase.
  3804 | Ossuary  | Entered an ossuary
  4064 | Ossuary  | Noticed Menkaure
  4075 | Ossuary  | HP: 14/59 [??? (12)]
  4077 | Ossuary  | Killed Menkaure
  4078 | Ossuary  | Reached skill level 7 in Fighting
  4078 | Ossuary  | Reached skill level 6 in Axes
  4088 | Ossuary  | Reached XP level 8. HP: 51/67 MP: 8/8
  4415 | D:5      | Found a sparkling altar of Nemelex Xobeh.
  4809 | D:5      | Found an iron altar of Okawaru.
  4824 | D:5      | Reached skill level 8 in Fighting
  4828 | D:5      | Became a worshipper of Warmaster Okawaru
  5112 | D:5      | Found a hazy altar of Hepliaklqana.
  5127 | D:5      | Reached skill level 7 in Axes
  5586 | D:6      | Found an opulent altar of Gozag.
  5820 | D:6      | Found a broken altar of Ashenzari.
  5848 | D:6      | Found a runed translucent door.
  5850 | D:6      | Noticed hikkokomori's ghost (novice DgEE)
  5860 | D:6      | Reached * piety under Okawaru
  5861 | D:6      | Reached XP level 9. HP: 66/75 MP: 9/9
  5915 | D:6      | Reached skill level 9 in Fighting
  5959 | D:6      | Noticed an angel
  5960 | D:6      | Found a glowing silver altar of Zin.
  5960 | D:6      | Found a shimmering altar of Xom.
  6101 | D:6      | Killed an angel
  6296 | D:7      | Reached skill level 8 in Axes
  6459 | D:7      | Noticed Pikel
  6477 | D:7      | Killed Pikel
  6478 | D:7      | Reached skill level 10 in Fighting
  6496 | D:7      | Reached skill level 9 in Axes
  7031 | D:7      | You pick up a book of the Warp and begin reading...
  7031 | D:7      | You add the spells Manifold Assault and Disjunction to your
                  | library.
  7372 | D:8      | Reached ** piety under Okawaru
  7373 | D:8      | Reached XP level 10. HP: 67/86 MP: 7/10
  7378 | D:8      | Reached skill level 11 in Fighting
  7385 | D:8      | Reached skill level 10 in Axes
  7605 | D:8      | Reached *** piety under Okawaru
  7987 | D:9      | Noticed a two-headed ogre
  8003 | D:9      | HP: 8/89 [two-headed ogre/+0 giant club (22)]
  8008 | D:9      | Killed a two-headed ogre
  8009 | D:9      | Reached skill level 12 in Fighting
  8009 | D:9      | Reached skill level 11 in Axes
  8040 | D:9      | Reached skill level 1 in Invocations
  8046 | D:9      | Reached skill level 2 in Invocations
  8088 | D:9      | Found a bloodstained altar of Trog.
  8118 | D:9      | Found a staircase to the Lair.
  8204 | D:9      | Reached **** piety under Okawaru
  8205 | D:9      | Reached XP level 11. HP: 92/95 MP: 12/12
  8236 | D:9      | Reached skill level 3 in Invocations
  8285 | D:9      | Reached skill level 4 in Invocations
  8323 | D:9      | HP: 22/95 [ogre/+0 giant spiked club (11)]
  8325 | D:9      | Reached skill level 5 in Invocations
  8339 | D:9      | HP: 20/95 [orc priest/+0 hand axe (6)]
  8361 | D:9      | HP: 23/95 [orc warrior/+0 scimitar (4)]
  8362 | D:9      | Reached skill level 12 in Axes
  8362 | D:9      | Reached skill level 6 in Invocations
  8425 | D:9      | Reached skill level 7 in Invocations
  8865 | D:9      | Found a shimmering blue altar of Sif Muna.
  9025 | D:9      | magus.rc [v1.9.6]
  9055 | D:10     | Entered Level 10 of the Dungeon
  9055 | D:10     | Found a transporter.
  9056 | D:10     | Found a transporter.
  9058 | D:10     | Noticed Amaemon
  9078 | D:10     | Reached skill level 8 in Invocations
  9084 | D:10     | Killed Amaemon
  9096 | D:10     | Noticed Erolcha
  9101 | D:10     | You are cast into the Abyss!
  9101 | Abyss:1  | Cast into level 1 of the Abyss (Erolcha)
  9145 | Abyss:1  | HP: 22/95 [large abomination (20)]
  9146 | Abyss:1  | Noticed a large abomination
  9147 | Abyss:1  | Reached skill level 9 in Invocations
  9274 | Abyss:1  | Noticed a thrashing horror
  9322 | Abyss:1  | Noticed a worldbinder
  9326 | Abyss:1  | Noticed a naga warrior
  9329 | Abyss:1  | Noticed a naga warrior
  9331 | Abyss:1  | Killed a worldbinder
  9384 | Abyss:1  | Noticed a sixfirhy
  9392 | Abyss:1  | Killed a sixfirhy
  9393 | Abyss:1  | Reached skill level 10 in Invocations
  9504 | Abyss:1  | Noticed a balrug
  9505 | Abyss:1  | Noticed a sun demon
  9511 | Abyss:1  | Noticed a blizzard demon
  9523 | Abyss:1  | HP: 19/95 [balrug/+0 demon whip of electrocution (11)]
  9523 | Abyss:1  | Noticed a sun demon
  9524 | Abyss:1  | Killed from afar by a balrug

Vanquished Creatures
  A two-headed ogre (D:9)
  Amaemon (D:10)
  A sixfirhy (Abyss:1)
  Pikel (D:7)
  A worldbinder (Abyss:1)
  A smoke demon (Abyss:1)
  An orange demon (D:10)
  A shadow (D:9)
  A vampire (D:9)
  6 yaks (D:8)
  A large abomination (Abyss:1)
  A steam dragon (D:8)
  Menkaure (Ossuary)
  A water moccasin (D:6)
  4 sky beasts
  8 orc warriors
  2 ice beasts
  A black bear (D:5)
  6 ogres
  A lemure (D:7)
  4 centaurs
  A phantom (D:5)
  3 kobold brigands (D:9)
  2 bullfrogs
  A necrophage (D:4)
  4 scorpions
  5 wights
  6 howler monkeys
  2 gnoll boudas (D:9)
  6 orc priests
  3 hounds
  A jelly (D:5)
  Ijyb (D:3)
  Terence (D:3)
  7 iguanas
  12 orc wizards
  4 mummies
  12 gnolls
  6 adders
  A shadow imp (D:7)
  2 white imps (D:8)
  2 ufetubi
  A worm (D:3)
  25 orcs
  8 endoplasms
  3 giant cockroaches
  5 goblins
  6 hobgoblins
  3 jackals
  11 kobolds
  2 quokkas
  5 ball pythons
  9 bats
  A frilled lizard (D:3)
  4 gnoll skeletons (Ossuary)
  5 gnoll zombies (Ossuary)
  3 goblin skeletons (Ossuary)
  6 goblin zombies (Ossuary)
  5 hobgoblin skeletons (Ossuary)
  7 hobgoblin zombies (Ossuary)
  5 kobold skeletons (Ossuary)
  3 kobold zombies (Ossuary)
  3 orc skeletons (Ossuary)
  2 orc zombies (Ossuary)
  7 rats
  5 rat skeletons (Ossuary)
  2 rat zombies (Ossuary)
263 creatures vanquished.

Vanquished Creatures (others)
  An angel (D:6)
  6 fungi (D:9)
  13 plants
20 creatures vanquished.

Grand Total: 283 creatures vanquished

Table legend:
 A = Non-vault XP
 B = Vault XP
 C = Vault XP percentage of total XP
 D = Non-vault monster count
 E = Vault monster count
 F = Vault count percentage of total count
                 A         B        C        D         E       F
            +---------+---------+-------+---------+---------+-------
      Total |    8494 |    4798 |  36.1 |     155 |     107 |  40.8
            +---------+---------+-------+---------+---------+-------
        D:1 |      22 |       0 |   0.0 |      13 |       0 |   0.0
        D:2 |      25 |      10 |  28.6 |       8 |       6 |  42.9
        D:3 |     152 |      76 |  33.3 |      27 |       4 |  12.9
        D:4 |     238 |       3 |   1.2 |      16 |       2 |  11.1
        D:5 |     716 |      18 |   2.5 |      10 |       1 |   9.1
        D:6 |     688 |       0 |   0.0 |      13 |       0 |   0.0
        D:7 |     671 |     663 |  49.7 |      13 |       1 |   7.1
        D:8 |    1734 |     511 |  22.8 |      20 |       5 |  20.0
        D:9 |    2107 |    2022 |  49.0 |      26 |      32 |  55.2
       D:10 |     276 |    1210 |  81.4 |       5 |       2 |  28.6
    Abyss:1 |    1865 |       0 |   0.0 |       4 |       0 |   0.0
    Ossuary |       0 |     285 | 100.0 |       0 |      54 | 100.0
            +---------+---------+-------+---------+---------+-------

Illustrated notes

Table legend:
 A = Kills in this place as a percentage of kills in entire the game.
 B = Kills by you in this place as a percentage of kills by you in the entire game.
 C = Kills by friends in this place as a percentage of kills by friends in the entire game.
 D = Other kills in this place as a percentage of other kills in the entire game.
 E = Experience gained in this place as a percentage of experience gained in the entire game.
 F = Experience gained in this place divided by the number of levels of this place that you have seen.
                   A       B       C       D       E      F
               +-------+-------+-------+-------+-------+----------------------
         Total | 100.0 | 100.0 |   N/A |   N/A | 100.0 | 1022.5
       Dungeon |  77.9 |  77.9 |   N/A |   N/A |  83.8 | 1114.2
         Abyss |   1.5 |   1.5 |   N/A |   N/A |  14.0 | 1865.0
       Ossuary |  20.6 |  20.6 |   N/A |   N/A |   2.1 | 285.0
               +-------+-------+-------+-------+-------+----------------------

Table legend: (Time is in decaauts)
 A = Elapsed time spent in this place.
 B = Non-inter-level travel time spent in this place.
 C = Inter-level travel time spent in this place.
 D = Time resting spent in this place.
 E = Time spent auto-exploring this place.
 F = Levels seen in this place.
 G = Mean time per level.
                   A        B        C        D        E       F      G
               +--------+--------+--------+--------+--------+-----+--------+
         Total |   9591 |   9329 |    262 |    348 |   7006 |  13 |  737.8 |
       Dungeon |   8533 |   8310 |    223 |    149 |   6560 |  10 |  853.3 |
        Temple |    128 |     89 |     39 |      0 |     82 |   1 |  128.0 |
         Abyss |    413 |    413 |      0 |    199 |    112 |   1 |  413.0 |
       Ossuary |    515 |    515 |      0 |      0 |    252 |   1 |  515.0 |
               +--------+--------+--------+--------+--------+-----+--------+

Top non-repeatable levels by time:
     D:5: 1335 daAuts
     D:9: 1111 daAuts
     D:3: 1084 daAuts
     D:7: 1074 daAuts
     D:2: 973 daAuts
     D:1: 905 daAuts
     D:6: 885 daAuts
     D:8: 566 daAuts
     D:4: 565 daAuts
 Ossuary: 515 daAuts
 Abyss:1: 413 daAuts
  Temple: 128 daAuts
    D:10: 30 daAuts
